 Dungeon Crawl Stone Soup version 0.25.1-2-g60ff931df9 (webtiles) character file.

Game seed: 16647465788040349277

816 Amplified the Skirmisher (level 7, 0/75 HPs)
             Began as an Ogre Wanderer on Oct 10, 2020.
             Was an Initiate of Ashenzari.
             Slain by an orc (3 damage)
             ... on level 6 of the Dungeon.
             The game lasted 00:10:03 (5813 turns).

Amplified the Skirmisher (Ogre Wanderer)            Turns: 5813, Time: 00:10:03

Health: 0/75       AC:  3    Str: 18      XL:     7   Next: 94%
Magic:  2/8        EV:  9    Int: 11      God:    Ashenzari [......]
Gold:   267        SH:  0    Dex:  4 (9)  Spells: 3/8 levels left

rFire    . . .     SeeInvis .   c - +1 hand axe (freeze)
rCold    . . .     Gourm    .   (no shield)
rNeg     . . .     Faith    .   e - +0 robe
rPois    .         Spirit   .   (helmet restricted)
rElec    .         Reflect  .   (no cloak)
rCorr    .         Harm     .   (gloves unavailable)
MR       +....                  (boots unavailable)
Stlth    +.........             (no amulet)
HPRegen  0.22/turn              k - ring of protection from magic
MPRegen  0.11/turn              (no ring)

@: very slightly contaminated, lightly drained
A: large, unfitting armour, blink, screaming 1, tough skin 1, weak 1, MP-powered
wands
a: Blink, Curse Item, Renounce Religion


You were on level 6 of the Dungeon.
You worshipped Ashenzari.
Ashenzari was noncommittal.
You were not hungry.

You visited 1 branch of the dungeon, and saw 7 of its levels.

You collected 267 gold pieces.

Inventory:

Hand Weapons
 a - a +0 dagger
 c - a +1 hand axe of freezing (weapon)
 g - a +0 spear
 l - a +0 giant club
Missiles
 d - 157 stones (quivered)
Armour
 e - a +0 robe (worn)
Jewellery
 i - an uncursed ring of ice
 k - a ring of protection from magic (left hand)
Scrolls
 b - a scroll of remove curse
 j - 2 scrolls of identify
 o - a scroll of immolation
Comestibles
 f - 5 rations


   Skills:
 * Level 6.3(5.8) Fighting
 * Level 2.8(2.4) Maces & Flails
 - Level 3.2(2.9) Polearms
 * Level 4.9(4.5) Throwing
 - Level 1.0(0.6) Stealth
 - Level 1.2(0.8) Spellcasting
 - Level 1.0(0.6) Necromancy
   Level 2.6(2.3) Transmutations
 - Level 2.6(2.3) Ice Magic


You had 3 spell levels left.
You knew the following spells:

 Your Spells              Type           Power        Failure   Level  Hunger
a - Apportation           Tloc           #.....       32%         1    ##.....
b - Ozocubu's Armour      Chrm/Ice       #.......     52%         3    ####...
c - Animate Skeleton      Necr           N/A          26%         1    ##.....

Your spell library contained the following spells:

 Spells                   Type           Power        Failure   Level  Hunger
 Freeze                   Ice            #...         13%         1    ##.....
 Pain                     Necr           #...         26%         1    ##.....
 Corona                   Hex            #......      32%         1    ##.....
 Summon Small Mammal      Summ           #...         32%         1    ##.....
 Frozen Ramparts          Ice            #.....       36%         3    ####...
 Vampiric Draining        Necr           #.........   58%         3    ####...
 Hailstorm                Conj/Ice       #.......     90%         4    #####..
 Summon Ice Beast         Ice/Summ       #.......     90%         4    #####..


Dungeon Overview and Level Annotations

Branches:
Dungeon (7/15)
 Temple: D:4-7

Altars:
Ashenzari
Nemelex Xobeh
Ru
Wu Jian

Annotations:
D:3 Natasha, Sigmund


Innate Abilities, Weirdness & Mutations

You are too large for most types of armour.
You have tough skin. (AC +1)
You can translocate small distances at will.
You occasionally shout uncontrollably at your foes.
You are weak. (Str -2)
You expend magic power (3 MP) to strengthen your wands.


Message History

Okay, then.
You aren't carrying any potions.
Unknown command.
You hit the orc priest.
You kill the orc priest!
The orc closely misses you.
Unknown command.
You feel yourself speed up. The orc hits you.
* * * LOW HITPOINT WARNING * * *
The orc closely misses you.
Things that are here:
a +1 hand axe of freezing; a +0 leather armour
c - a +1 hand axe of freezing The orc barely misses you.
Your +1 hand axe of freezing glows with a cold blue light!
c - a +1 hand axe of freezing (weapon)
Unknown command.
You barely miss the orc. The orc hits you but does no damage. The orc hits you.
You die...

### ### ###8###8###
###8...8...8###
####..o......####
##o#_..@......>#.###
oooo##.........##..>#
######8...8...8####.#
###8###8### # ### ###


You could see an orc priest, 2 orc wizards and 2 orcs.

Vanquished Creatures
  A phantom (D:4)
  A sky beast (D:5)
  An orc warrior (D:3)
  An ogre (D:4)
  Blork the orc (D:5)
  3 hounds
  A quasit (D:5)
  A bullfrog skeleton (D:5)
  A centaur skeleton (D:5)
  2 orc priests
  An iguana (D:5)
  Natasha (twice) (D:3)
  An adder (D:4)
  A shadow imp (D:6)
  A worm (D:2)
  A dart slug (D:2)
  2 leopard geckos
  An orc (D:3)
  2 giant cockroaches
  7 goblins
  4 hobgoblins
  9 jackals
  3 kobolds
  9 bats
  2 frilled lizards
  11 rats
70 creatures vanquished.

Vanquished Creatures (others)
  A bullfrog (D:7)
  A scorpion (D:7)
  A quokka (D:7)
3 creatures vanquished.

Grand Total: 73 creatures vanquished

Notes
Turn   | Place    | Note
-------+----------+-------------------------------------------
     0 | D:1      | Amplified the Ogre Wanderer began the quest for the Orb.
     0 | D:1      | Amplified set off with the following items: a +0 dagger, 10
                  | poisoned darts, a +0 robe, a ration; and the following
                  | spells available to memorise: Freeze, Pain, Frozen
                  | Ramparts, Ozocubu's Armour, Vampiric Draining, Hailstorm,
                  | Summon Ice Beast
     0 | D:1      | Reached XP level 1. HP: 16/16 MP: 2/2
   225 | D:1      | Reached skill level 1 in Fighting
   250 | D:1      | Reached XP level 2. HP: 11/27 MP: 3/3
   938 | D:1      | Reached skill level 1 in Polearms
  1066 | D:2      | You fall into a shaft and drop 1 floor!
  1219 | D:2      | Reached XP level 3. HP: 35/35 MP: 4/4
  1306 | D:2      | Reached skill level 2 in Fighting
  1820 | D:2      | Found an ornate altar of the Wu Jian Council.
  2484 | D:3      | Reached XP level 4. HP: 44/44 MP: 5/5
  2487 | D:3      | Noticed Sigmund
  2499 | D:3      | Gained mutation: You occasionally shout uncontrollably at
                  | your foes. [potion of mutation]
  2499 | D:3      | Gained mutation: You can translocate small distances at
                  | will. [potion of mutation]
  2499 | D:3      | Gained mutation: You are weak. (Str -2) [potion of
                  | mutation]
  2499 | D:3      | Gained mutation: You expend magic power (3 MP) to
                  | strengthen your wands. [potion of mutation]
  2599 | D:3      | Noticed Natasha
  2779 | D:4      | Found a shattered altar of Ashenzari.
  2809 | D:4      | Noticed a phantom
  2830 | D:4      | Became a worshipper of Ashenzari the Shackled
  2850 | D:4      | Killed a phantom
  2850 | D:4      | Reached skill level 3 in Fighting
  2850 | D:4      | Reached XP level 5. HP: 47/54 MP: 1/6
  2985 | D:4      | Noticed an ogre
  2987 | D:4      | Killed an ogre
  2987 | D:4      | Reached skill level 4 in Fighting
  2987 | D:4      | Reached XP level 6. HP: 62/62 MP: 3/7
  3575 | D:5      | Entered Level 5 of the Dungeon
  3693 | D:5      | Noticed a sky beast
  3763 | D:5      | Reached skill level 1 in Maces & Flails
  4034 | D:5      | Killed a sky beast
  4034 | D:5      | Reached skill level 5 in Fighting
  4034 | D:5      | Reached XP level 7. HP: 23/72 MP: 2/8
  4072 | D:5      | Noticed Blork the orc
  4178 | D:5      | Killed Blork the orc
  4341 | D:3      | Killed Natasha
  4593 | D:3      | Reached skill level 6 in Fighting
  4861 | D:3      | Noticed Natasha
  4880 | D:3      | Killed Natasha
  5185 | D:3      | Noticed Natasha
  5413 | D:4      | Learned a level 1 spell: Apportation
  5417 | D:4      | Learned a level 3 spell: Ozocubu's Armour
  5419 | D:4      | Learned a level 1 spell: Animate Skeleton
  5435 | D:5      | Found a sparkling altar of Nemelex Xobeh.
  5446 | D:5      | You fall into a shaft and drop 2 floors!
  5764 | D:6      | Found a sacrificial altar of Ru.
  5808 | D:6      | HP: 3/75 [orc priest/+1 hand axe of freezing (1)]
  5813 | D:6      | Slain by an orc

Illustrated notes

Levels and vault maps discovered:
D:1:      dpeg_arrival_boxes_within_box, layout_basic
D:2:      layout_loops_ring, overflow_temple_1_default,
          kennysheep_generic_room_12
D:3:      layout_loops_corners, first_ration, uniq_natasha, uniq_sigmund
D:4:      layout_basic, evilmike_ruin_ashenzari
D:5:      layout_rooms, lemuel_crystal_altar, serial_shops,
          nicolae_shop_statue_plus, nemelex_spade_bored_becter,
          uniq_blork_the_orc
D:6:      layout_basic, nicolae_overflow_hidden_temple,
          kiku_gazebo_garden_becter, minmay_temple_entry_glassed_door,
          serial_shops, nicolae_shop_overgrown_old_shop,
          minmay_unpleasant_kobolds
D:7:      layout_cave_pools, xom_confusion_cloud, grunt_ogre_cave, uniq_duvessa

Skill      XL: |  1  2  3  4  5  6  7 |
---------------+----------------------+-----
Fighting       | 1 2 3 4 5 6 |  6.3
Polearms       | 1 2 3 |  3.2
Throwing       | 2 3 4 |  4.9
Maces & Flails | 1 2 |  2.8
Stealth        | |  1.0
Spellcasting   | |  1.2
Necromancy     | |  1.0
Transmutations | |  2.6
Ice Magic      | |  2.6

Action                   |  1- 3 |  4- 6 |  7- 9 || total
-------------------------+-------+-------+-------++-------
Melee: Spear             |   144 |    56 |    98 ||   298
       Dagger            |     2 |       |       ||     2
       Giant club        |       |    33 |       ||    33
       Hand axe          |       |       |     1 ||     1
Throw: Dart              |    20 |     5 |     9 ||    34
       Stone             |     2 |       |     4 ||     6
       Large rock        |       |     3 |       ||     3
 Abil: Blink             |       |       |     5 ||     5
Evoke: Wand              |       |     9 |     8 ||    17
  Use: Scroll            |     2 |     8 |     4 ||    14
       Potion            |       |     2 |     3 ||     5
 Stab: Sleeping          |     5 |     1 |       ||     6
  Eat: Chunk             |     5 |     1 |     4 ||    10
       Ration            |       |     1 |     1 ||     2
Armor: Robe              |    44 |    50 |    47 ||   141
Dodge: Dodged            |    63 |    69 |    88 ||   220
